 Dungeon Crawl Stone Soup version 0.19-a0-1268-g6c5d9f8 (webtiles) character file.

77 matakusis the Conjurer (level 3, 0/26 HPs)
             Began as a Demigod Conjurer on Aug 29, 2016.
             Killed from afar by Natasha (8 damage)
             ... with a magic dart
             ... on level 2 of the Dungeon.
             The game lasted 00:06:49 (1566 turns).

matakusis the Conjurer (Demigod Conjurer)           Turns: 1566, Time: 00:06:50

Health: 0/26       AC:  3    Str: 11    XL:     3   Next: 91%
Magic:  3/9        EV: 12    Int: 21    God:
Gold:   122        SH:  0    Dex: 16    Spells: 2 memorised, 2 levels left

rFire  . . .     SeeInvis .     f - +0 short sword
rCold  . . .     Gourm    .     a - +0 robe
rNeg   . . .     Faith    .     (no shield)
rPois  .         Spirit   .     (no helmet)
rElec  .         Dismiss  .     (no cloak)
rCorr  .         Reflect  .     m - +0 pair of gloves
MR     .....     Harm     .     (no boots)
Stlth  ++........               (no amulet)
                                (no ring)
                                (no ring)

@: very slightly contaminated
A: high mp 1
a: no special abilities


You were on level 2 of the Dungeon.
You were not hungry.

You visited 1 branch of the dungeon, and saw 2 of its levels.

You collected 122 gold pieces.

Inventory:

Hand Weapons
 f - a +0 short sword (weapon)
Armour
 a - a +0 robe (worn)
 m - a +0 pair of gloves (worn)
Jewellery
 n - a +1 ring of protection {unknown}
Scrolls
 i - 4 scrolls of remove curse {unknown}
 j - a scroll of blinking {unknown}
 k - a scroll of identify {unknown}
 l - a scroll of magic mapping {unknown}
 o - a scroll of noise {unknown}
 p - a scroll of enchant weapon {unknown}
 s - a scroll of amnesia {unknown}
Potions
 d - a potion of lignification {unknown}
 e - a potion of curing {unknown}
 g - a potion of ambrosia {unknown}
 h - 3 potions of degeneration {unknown}
 r - a potion of heal wounds {unknown}
Books
 b - a book of Conjurations

   Spells                             Type                      Level
   a - Magic Dart                     Conjuration                  1
   b - Searing Ray                    Conjuration                  2
   c - Dazzling Spray                 Conjuration/Hexes            3
   d - Fulminant Prism                Conjuration/Hexes            4
   e - Iskenderun's Mystic Blast      Conjuration                  4
   f - Iskenderun's Battlesphere      Conjuration/Charms           5
Comestibles
 c - 2 bread rations
 q - 3 chunks of flesh
 t - a meat ration


   Skills:
 - Level 1.7 Dodging
 - Level 1.9 Stealth
 * Level 2.3 Spellcasting
 * Level 4.8 Conjurations


You had 2 spell levels left.
You knew the following spells:

 Your Spells              Type           Power        Failure   Level  Hunger
a - Magic Dart            Conj           ###.         1%          1    #......
b - Dazzling Spray        Conj/Hex       ##....       21%         3    ###....


Dungeon Overview and Level Annotations

Branches:
Dungeon (2/15)

Annotations:
D:2 Natasha


Innate Abilities, Weirdness & Mutations

You have an increased reservoir of magic. (+10% MP)


Message History

Confirm with . or Enter, or press ? or * to list all spells.
Aiming: Magic Dart
Press: ? - help, Shift-Dir - straight line, f/p - Natasha
Aim: Natasha (lightly wounded, blind)
The magic dart hits Natasha.
Natasha is moderately wounded.
Natasha is no longer blind.
Casting: Magic Dart
Confirm with . or Enter, or press ? or * to list all spells.
You don't have enough magic to cast that spell.
You closely miss Natasha.
Natasha is moderately wounded.
Natasha mumbles some strange words.
Natasha closely misses you.
You barely miss Natasha.
Natasha is moderately wounded.
Natasha claws you!
Natasha stares at you and mumbles some strange words.
The magic dart hits you!
You die...

#.##.##.## #.#.#.## #...####
######### ##.##... #.......#
##...#.# ##.##.##.######
##......##
......)......####.........
#.#.##.##.#.......##......##
#.#.#####.#@##.##.###...#.##
###.#.......#.##.##.##...##...
#......######h# .........####
#....#.# #.# # #.##>...##
#.#.#..# #5###.#........#
#.#.#..# #..............#
#.#.#<.# ......##..###..###
#....#.# ..... #...##.....
#......# ....... #....#.....


You could see Natasha and a crimson imp.

Vanquished Creatures
  Ijyb (D:2)
  2 adders (D:2)
  A worm (D:2)
  5 goblins
  2 hobgoblins
  3 jackals (D:1)
  4 kobolds
  2 quokkas (D:2)
  6 bats
  A giant newt (D:2)
  3 rats
30 creatures vanquished.

Notes
Turn   | Place    | Note
-------+----------+-------------------------------------------
     0 | D:1      | matakusis the Demigod Conjurer began the quest for the Orb.
     0 | D:1      | Reached XP level 1. HP: 14/14 MP: 5/5
   315 | D:1      | Reached XP level 2. HP: 20/20 MP: 4/7
   459 | D:1      | Reached skill level 4 in Conjurations
   752 | D:2      | Found a burning altar of Makhleb.
   754 | D:2      | Noticed Ijyb
   826 | D:2      | Killed Ijyb
   826 | D:2      | Reached XP level 3. HP: 11/26 MP: 0/8
  1015 | D:2      | Learned a level 3 spell: Dazzling Spray
  1402 | D:2      | Noticed Natasha
  1566 | D:2      | Killed from afar by Natasha

Vault maps used:
D:1:      matt_arrival_spirals
D:2:      first_bread, bloody_makhleb, uniq_natasha, uniq_iyjb

Skill      XL: |  1  2 |
---------------+-------+-----
Conjurations   | 4 |  4.8
Spellcasting   | 2 |  2.3
Dodging        | |  1.7
Stealth        | |  1.9

Action                   || total
-------------------------++-------
Melee: Short sword       ||    38
 Cast: Magic Dart        ||    75
       Dazzling Spray    ||     1
 Stab: Sleeping          ||     1
  Eat: Chunk             ||     3
Armor: Robe              ||    16
Dodge: Dodged            ||    33
